 Dungeon Crawl Stone Soup version 0.26-a0-1060-g086102a3f0 (webtiles) character file.

Game seed: 3620788405690766178

25 Dracia the Chiller (level 3, -2/24 HPs)
             Began as a Merfolk Ice Elementalist on Dec 13, 2020.
             Slain by a gnoll
             ... wielding a cursed -1 whip
              (7 damage)
             ... on level 1 of the Dungeon.
             The game lasted 00:02:03 (1276 turns).

Dracia the Chiller (Merfolk Ice Elementalist)       Turns: 1276, Time: 00:02:04

Health: -2/24      AC:  8    Str:  9    XL:     3   Next: 4%
Magic:  4/6        EV: 12    Int: 14    God:
Gold:   25         SH:  5    Dex: 14    Spells: 3/7 levels left

rFire    . . .     SeeInvis .   m - +0 spear
rCold    . . .     Faith    .   (no shield)
rNeg     . . .     Spirit   .   j - +0 leather armour
rPois    .         Reflect  +   (no helmet)
rElec    .         Harm     .   (no cloak)
rCorr    .         Rampage  .   (no gloves)
Will     .....                  h - +0 pair of boots
Stlth    ++........             g - amulet of reflection
HPRegen  0.08/turn              (no ring)
MPRegen  0.10/turn              (no ring)

@: icy armour
A: change form in water, swift swim, stealthy swim
a: no special abilities


You were on level 1 of the Dungeon.
You visited 1 branch of the dungeon, and saw 2 of its levels.

You collected 25 gold pieces.


   Skills:
 + Level 0.1 Polearms
 - Level 2.6 Dodging
 - Level 2.1 Stealth
 - Level 2.6 Spellcasting
 + Level 4.9 Ice Magic


You had 3 spell levels left.
You knew the following spells:

 Your Spells              Type           Power        Failure   Level
o - Ozocubu's Armour      Ice            ###.....     12%         3
z - Freeze                Ice            ###.         4%          1

Your spell library contained the following spells:

 Spells                   Type           Power        Failure   Level
 Frozen Ramparts          Ice            ###...       12%         3
 Hailstorm                Conj/Ice       #.......     75%         4
 Summon Ice Beast         Ice/Summ       #.......     75%         4

Inventory:

Hand Weapons
 b - a +0 dagger
 m - a +0 spear (weapon)
Missiles
 i - 4 boomerangs
 k - 18 poisoned darts
Armour
 a - a +0 robe
 h - a +0 pair of boots (worn)
 j - a +0 leather armour (worn)
Jewellery
 g - an amulet of reflection (around neck)
Scrolls
 e - a scroll of magic mapping {unknown}
 f - a scroll of identify {unknown}
 l - a scroll of teleportation {unknown}
 n - 3 scrolls of immolation {unknown}
Potions
 c - a potion of invisibility {unknown}
 d - a potion of brilliance {unknown}

Dungeon Overview and Level Annotations

Branches:
Dungeon (2/15)

Altars:

##.##.....##...#.######
#.#.#
.#.#......###..#.#
#.#.#
.#.#......##...#.#
#.#.#
.#.#...#.....#.#.#
#.#.#
.#.######.##...#.#
###.#.#
.#.............#.#
#...#.#
#########..≈≈≈...#
#.#...# ).(...#
#.≈≈≈≈≈.g# #.#.###
#####.# #.≈≈≈≈≈.@#
#.#.# # #.# #.≈≈≈≈≈..#
#.#.# # #.# #.≈≈≈≈≈.##
#...# # #.###...≈≈..#
##### #...†......##
############


You could see a gnoll.


Message History

The gnoll closely misses you.
You hit the gnoll but do no damage.
The gnoll is moderately wounded.
The gnoll hits you with a cursed -1 whip.
* * * LOW HITPOINT WARNING * * *
You hit the gnoll.
The gnoll is heavily wounded.
The gnoll closely misses you.
You hit the gnoll.
The gnoll is severely wounded.
The gnoll barely misses you.
You barely miss the gnoll.
The gnoll is severely wounded.
The gnoll closely misses you.
You hit the gnoll but do no damage.
The gnoll is severely wounded.
You block the gnoll's attack.
You hit the gnoll.
The gnoll is severely wounded.
You block the gnoll's attack.
You hit the gnoll.
The gnoll is almost dead.
The gnoll hits you but does no damage.
You barely miss the gnoll.
The gnoll is almost dead.
The gnoll barely misses you. You block the gnoll's attack.
You closely miss the gnoll.
The gnoll is almost dead.
The gnoll hits you with a cursed -1 whip!
You die...

Action                   || total
-------------------------++-------
Melee: Unarmed           ||    16
       Dagger            ||    23
       Spear             ||    16
 Cast: Freeze            ||    27
       Ozocubu's Armour  ||     1
 Stab: Sleeping          ||     1
Armor: Robe              ||     9
       Leather armour    ||     5
Dodge: Dodged            ||    50
Block: Other             ||     7

Levels and vault maps discovered:
D:1:      dpeg_arrival_orchard, layout_basic, minmay_lizard_pond
D:2:      cheibrodos_old_hovel, layout_rooms, uniq_jessica, uniq_sigmund,
          uniq_crazy_yiuf_cottage

Notes
Turn   | Place    | Note
-------+----------+-------------------------------------------
     0 | D:1      | Dracia the Merfolk Ice Elementalist began the quest for the
                  | Orb.
     0 | D:1      | Reached XP level 1. HP: 13/13 MP: 3/3
   278 | D:1      | Reached XP level 2. HP: 17/19 MP: 3/5
   830 | D:1      | Reached XP level 3. HP: 21/24 MP: 3/6
  1154 | D:1      | Learned a level 3 spell: Ozocubu's Armour
  1276 | D:1      | Slain by a gnoll

Vanquished Creatures
  A dart slug (D:1)
  A giant cockroach (D:1)
  2 goblins (D:1)
  3 hobgoblins (D:1)
  5 kobolds
  3 bats (D:1)
  7 frilled lizards (D:1)
  3 rats (D:1)
25 creatures vanquished.

Table legend: (Time is in decaauts)
 A = Elapsed time spent in this place.
 B = Non-inter-level travel time spent in this place.
 C = Inter-level travel time spent in this place.
 D = Time resting spent in this place.
 E = Time spent auto-exploring this place.
 F = Levels seen in this place.
 G = Mean time per level.
                   A        B        C        D        E       F      G
               +--------+--------+--------+--------+--------+-----+--------+
         Total |   1271 |   1213 |     58 |    234 |    781 |   2 |  635.5 |
       Dungeon |   1271 |   1213 |     58 |    234 |    781 |   2 |  635.5 |
               +--------+--------+--------+--------+--------+-----+--------+

Top non-repeatable levels by time:
     D:1: 1260 daAuts
     D:2: 10 daAuts

Table legend:
 A = Non-vault XP
 B = Vault XP
 C = Vault XP percentage of total XP
 D = Non-vault monster count
 E = Vault monster count
 F = Vault count percentage of total count
                 A         B        C        D         E       F
            +---------+---------+-------+---------+---------+-------
      Total |      30 |       6 |  16.7 |      19 |       6 |  24.0
            +---------+---------+-------+---------+---------+-------
        D:1 |      29 |       6 |  17.1 |      18 |       6 |  25.0
        D:2 |       1 |       0 |   0.0 |       1 |       0 |   0.0
            +---------+---------+-------+---------+---------+-------
